 Dungeon Crawl Stone Soup version 0.24-a0-479-g9a978d2894 (webtiles) character file.

Game seed: 12977275595584542509

251 Gynju the Poker (level 5, -2/45 HPs)
             Began as a Minotaur Fighter on July 7, 2019.
             Hit by a silver boomerang thrown by an orc (3 damage)
             ... on level 4 of the Dungeon.
             The game lasted 00:03:34 (2226 turns).

Gynju the Poker (Minotaur Fighter)                  Turns: 2226, Time: 00:03:35

Health: -2/45      AC:  9    Str: 21    XL:     5   Next: 88%
Magic:  4/4        EV:  7    Int:  5    God:
Gold:   125        SH: 10    Dex: 10    Spells: 4/4 levels left

rFire    . . .     SeeInvis +   a - +0 trident
rCold    . . .     Gourm    .   c - +1 shield
rNeg     . . .     Faith    .   b - +0 scale mail
rPois    .         Spirit   .   (helmet restricted)
rElec    .         Reflect  .   i - +0 cloak
rCorr    .         Harm     .   h - +0 pair of gloves
MR       .....                  (no boots)
Stlth    ..........             (no amulet)
HPRegen  0.15/turn              k - ring of see invisible
MPRegen  0.09/turn              (no ring)

@: no status effects
A: retaliatory headbutt, horns 2
a: no special abilities


You were on level 4 of the Dungeon.
You were not hungry.

You visited 1 branch of the dungeon, and saw 4 of its levels.

You collected 125 gold pieces.

Inventory:

Hand Weapons
 a - a +0 trident (weapon)
Armour
 b - a +0 scale mail (worn)
 c - a +1 shield (worn)
 h - a +0 pair of gloves (worn)
 i - a +0 cloak (worn)
Jewellery
 k - a ring of see invisible (left hand)
Scrolls
 e - 2 scrolls of enchant armour
 g - a scroll of random uselessness {unknown}
 j - 5 scrolls of identify
 n - a scroll of immolation {unknown}
 q - a scroll of teleportation
 t - a scroll of enchant weapon {unknown}
Potions
 d - a potion of might
 l - a potion of cancellation {unknown}
 m - a potion of agility {unknown}
 o - a potion of haste
 p - a potion of degeneration {unknown}
 r - 2 potions of brilliance {unknown}
Comestibles
 f - 6 rations
 s - 4 chunks of flesh


   Skills:
 - Level 3.6 Fighting
 + Level 7.5 Polearms
 - Level 3.6 Armour
 - Level 3.6 Shields


You had 4 spell levels left.
You didn't know any spells.
Your spell library was empty.

Dungeon Overview and Level Annotations

Branches:
Dungeon (4/15)
 Temple: D:4-7

Altars:


Innate Abilities, Weirdness & Mutations

You reflexively headbutt those who attack you in melee.
You have a pair of horns on your head.


Message History

You are too injured to fight recklessly!
You closely miss the orc. You block the orc's attack.
You feel sick.
You are no longer poisoned.
The orc warrior throws a boomerang.
The boomerang hits you.
* * * LOW HITPOINT WARNING * * *
The weapon returns to the orc warrior!
The orc throws a silver boomerang.
The silver boomerang barely misses you.
The weapon returns to the orc!
The orc throws a silver boomerang.
The silver boomerang hits you but does no damage.
* * * LOW HITPOINT WARNING * * *
The weapon returns to the orc!
The orc wizard gestures wildly while chanting.
The orc wizard blinks!
The orc throws a silver boomerang.
You block the silver boomerang.
The weapon returns to the orc!
The orc warrior throws a boomerang.
You block the boomerang.
The weapon returns to the orc warrior!
The orc throws a silver boomerang.
The silver boomerang hits you.
You die...

#.......#
#.....#
#.......#
#.....#
#.......#
#.....#
#.......#
#.....#
#.......#
#.....#
+.......#
#.....#
#.......#
#.....#
###.......#
#.....#
.........##
#..@..#
.........#
#.o...#
.........#
#.....#
.........#
#.....#
.........#
#.oo..#
.........#
#..)o.#
####.....#
#....## #
#.....#
#....# #
#.....#
#....#


You could see an orc warrior, an orc wizard and 2 orcs.

Vanquished Creatures
  An ogre (D:4)
  An orc wizard (D:4)
  A worker ant (D:4)
  3 adders
  An ooze (D:2)
  4 worms
  3 dart slugs
  3 leopard geckos
  2 orcs (D:3)
  3 giant cockroaches
  8 goblins
  6 hobgoblins
  3 jackals (D:1)
  A quokka (D:3)
  A ball python (D:2)
  8 bats
  A frilled lizard (D:2)
  9 kobolds
  A leopard gecko skeleton (D:4)
  9 rats
69 creatures vanquished.

Notes
Turn   | Place    | Note
-------+----------+-------------------------------------------
     0 | D:1      | Gynju the Minotaur Fighter began the quest for the Orb.
     0 | D:1      | Reached XP level 1. HP: 19/19 MP: 0/0
    25 | D:1      | Reached skill level 3 in Polearms
    30 | D:1      | Reached XP level 2. HP: 26/26 MP: 1/1
   120 | D:1      | Reached skill level 4 in Polearms
   245 | D:1      | Reached XP level 3. HP: 31/31 MP: 2/2
   613 | D:2      | Reached skill level 5 in Polearms
   732 | D:2      | Reached XP level 4. HP: 39/39 MP: 3/3
  1648 | D:3      | Reached skill level 6 in Polearms
  2037 | D:4      | Noticed an ogre
  2047 | D:4      | Killed an ogre
  2047 | D:4      | Reached skill level 7 in Polearms
  2047 | D:4      | Reached XP level 5. HP: 26/45 MP: 4/4
  2215 | D:4      | Noticed an orc warrior
  2223 | D:4      | HP: 2/45 [orc warrior/boomerang (6)]
  2226 | D:4      | Hit by a silver boomerang thrown by an orc

Levels and vault maps discovered:
D:1:      dpeg_arrival_erosion, layout_rooms, st_stairs_7
D:2:      layout_loops_cross
D:3:      layout_loops_cross
D:4:      layout_gridville, gammafunk_temple_overflow_elements, first_ration

Skill      XL: |  1  2  3  4 |
---------------+-------------+-----
Polearms       | 3 4 5 7 |  7.5
Fighting       | |  3.6
Armour         | |  3.6
Shields        | |  3.6

Action                   |  1- 3 |  4- 6 || total
-------------------------+-------+-------++-------
Melee: Trident           |   120 |    84 ||   204
       Headbutt          |    15 |    14 ||    29
  Use: Scroll            |       |     6 ||     6
  Eat: Chunk             |       |     4 ||     4
Armor: Scale mail        |    46 |    14 ||    60
Dodge: Dodged            |    21 |    12 ||    33
Block: Shield            |    46 |    33 ||    79

Table legend:
 A = Non-vault XP
 B = Vault XP
 C = Vault XP percentage of total XP
 D = Non-vault monster count
 E = Vault monster count
 F = Vault count percentage of total count
                 A         B        C        D         E       F
            +---------+---------+-------+---------+---------+-------
      Total |     358 |       1 |   0.3 |      68 |       1 |   1.4
            +---------+---------+-------+---------+---------+-------
        D:1 |      58 |       1 |   1.7 |      33 |       1 |   2.9
        D:2 |      71 |       0 |   0.0 |      21 |       0 |   0.0
        D:3 |      32 |       0 |   0.0 |       8 |       0 |   0.0
        D:4 |     197 |       0 |   0.0 |       6 |       0 |   0.0
            +---------+---------+-------+---------+---------+-------
